Senateurs vs Islanders

Created - December 7, 2024 at 22:34

Goals
1 2 3 T
Senateurs 3 1 2 6
Islanders 0 1 3 4
Shots
1 2 3 T
Senateurs 8 14 14 36
Islanders 12 10 8 30

1st period

1. Senateurs , Nick Bjugstad 5 (Jared Cowen 9, Michael Frolik 7) at 12:48 (PP)
2. Senateurs , Vincent Trocheck 3 (Riley Sheahan 7) at 14:16
3. Senateurs , Nick Bjugstad 6 (Alex Iafallo 9) at 18:59 (PP)

Penalties :
Garnet Hathaway (NyI) for Roughing (Minor) at 11:32, Alex Iafallo (Ott) for Tripping (Minor) at 16:26, Kellan Lain (NyI) for Hooking (Minor) at 18:06

2nd period

4. Senateurs , Jordan Martinook 3 (Vincent Trocheck 3, Dmitry Sinitsyn 2) at 10:37
5. Islanders , Brayden Schenn 11 (Vladimir Tarasenko 18, Brock McGinn 13) at 15:44

Penalties :
Jake Gardiner (Ott) for Roughing (Minor) at 15:49, Brock McGinn (NyI) for Holding Stick (Minor) at 18:51

3rd period

6. Senateurs , Quinton Howden 7 (Tim Schaller 5, Jake Gardiner 7) at 10:23
7. Senateurs , Jordan Martinook 4 (Vincent Trocheck 4, Riley Sheahan 8) at 12:33
8. Islanders , Vladimir Tarasenko 10 (Brayden Schenn 16) at 16:19
9. Islanders , Ryan Ellis 5 (Brayden Schenn 17) at 16:23
10. Islanders , Garnet Hathaway 6 (Jason Akeson 3, Emerson Etem 4) at 19:00

Penalties :
Alex Iafallo (Ott) for Tripping (Minor) at 3:49

Goalie Stats

Mikko Koskinen (Ott), 26 saves from 30 shots - (0.867), W, 5-0-0, 60:00 minutes
Joonas Korpisalo (NyI), 15 saves from 19 shots - (0.789), 30:37 minutes
Tyler Weiman (NyI), 15 saves from 17 shots - (0.882), L, 9-7-1, 29:23 minutes

Players Stats for Senateurs

Player Name              G  A  P  +/- PIM S  H  SB GA TA FO     MP     PP MP  PK MP  
------------------------------------------------------------------------------------
Alex Iafallo             0  1  1  -2  4   1  0  0  2  1  2/2    19:54   1:59   1:18 
Anthony Beauvillier      0  0  0  -1  0   2  0  0  0  1  0/0     8:53   0:00   0:00 
Anton Lindholm           0  0  0   0  0   1  0  0  0  0  0/0    13:45   0:00   0:50 
Brendan Smith            0  0  0   0  0   0  0  1  0  0  0/0    20:18   0:43   2:37 
Christoph Bertschy       0  0  0  -1  0   0  2  0  0  0  2/7     9:44   0:00   0:50 
Dmitry Sinitsyn          0  1  1   0  0   0  1  1  1  0  0/0    13:36   0:00   0:41 
Eric Gelinas             0  0  0   0  0   1  0  1  0  0  0/0    18:06   0:43   1:28 
Jake Gardiner            0  1  1   0  2   4  2  5  1  0  0/0    26:49   3:06   2:11 
Jared Cowen              0  1  1   0  0   2  1  0  0  0  0/0    28:18   3:06   3:29 
Jordan Martinook         2  0  2   3  0   5  0  0  1  0  0/0    18:00   1:50   2:39 
Michael Frolik           0  1  1  -2  0   3  2  0  0  1  0/0    18:13   2:27   0:00 
Nick Bjugstad            2  0  2  -2  0   4  1  0  1  0  13/33  22:18   1:59   3:21 
Quinton Howden           1  0  1   0  0   3  1  1  2  0  5/8    11:10   0:00   0:00 
Richard Panik            0  0  0   0  0   1  0  0  1  0  0/1    11:46   0:36   0:00 
Riley Sheahan            0  2  2   3  0   1  1  0  0  0  0/0    14:45   1:14   0:00 
Tim Schaller             0  1  1   0  0   1  0  0  1  0  0/0    11:51   0:00   0:41 
Vincent Trocheck         1  2  3   3  0   5  1  1  0  0  4/9    17:39   1:22   2:27 
Zachary Sanford          0  0  0  -1  0   2  2  0  0  0  0/0     8:54   0:00   0:00 

Players Stats for Islanders

Player Name              G  A  P  +/- PIM S  H  SB GA TA FO     MP     PP MP  PK MP  
------------------------------------------------------------------------------------
Brady Skjei              0  0  0  -1  0   0  1  0  0  0  0/0    12:14   0:00   0:00 
Brandon Sutter           0  0  0  -3  0   2  1  1  0  1  5/6    20:27   2:33   2:03 
Brayden Schenn           1  2  3   3  0   3  3  1  0  0  24/45  23:28   3:04   2:58 
Brian Ferlin             0  0  0   0  0   2  0  0  1  0  0/0     7:36   0:01   0:00 
Brock McGinn             0  1  1   3  2   1  2  1  0  0  2/4    21:46   3:04   1:10 
Dylan McIlrath           0  0  0   1  0   0  0  0  0  1  0/0    20:46   2:23   1:33 
Emerson Etem             0  1  1  -2  0   1  1  0  1  1  0/0    14:15   0:01   1:00 
Gabriel Carlsson         0  0  0  -1  0   0  0  0  0  1  0/0    12:14   0:00   0:00 
Garnet Hathaway          1  0  1   0  2   3  0  0  0  0  0/0    16:15   2:33   0:00 
Jamie Arniel             0  0  0   0  0   0  1  1  0  0  1/1     7:48   0:01   0:00 
Jason Akeson             0  1  1  -2  0   0  2  0  0  1  0/0    12:33   0:00   0:00 
Kellan Lain              0  0  0  -1  2   3  3  0  0  0  0/0    15:51   2:32   0:27 
Michael Latta            0  0  0  -1  0   2  0  1  0  1  1/3     8:40   0:00   0:00 
Nikita Zadorov           0  0  0   0  0   3  1  2  0  1  0/0    27:00   3:15   2:16 
Ryan Ellis               1  0  1   0  0   3  2  1  0  1  0/0    27:00   3:15   2:16 
Sergei Plotnikov         0  0  0   0  0   2  1  0  0  1  0/0     7:17   0:00   0:00 
Vladimir Tarasenko       1  1  2   3  0   4  2  0  0  0  1/1    19:53   3:04   0:00 
Yann Sauvé               0  0  0   1  0   1  0  2  1  1  0/0    20:46   2:23   1:33 

3 Stars

1 - Vincent Trocheck (Ott)
2 - Brayden Schenn (NyI)
3 - Jordan Martinook (Ott)

Power Play

Senateurs - 2 on 2 Attempt(s) - 100.00%
Islanders - 0 on 4 Attempt(s) - 0.00%

Penalty Kill

Senateurs - 4 on 4 Attempt(s) - 100.00% - Score 0 goal in Penalty Kill
Islanders - 0 on 2 Attempt(s) - 0.00% - Score 0 goal in Penalty Kill

Team Stat

Senateurs - Hits : 14 - Faceoff Wins : 26 - Blocked Shots : 10 - Penalty Minutes : 6
Islanders - Hits : 20 - Faceoff Wins : 34 - Blocked Shots : 10 - Penalty Minutes : 6

Official

Referees : Marc Joannette and Frederick L'Ecuyer
Linesman : Derek Nansen and Travis Toomey

Game Notes

15:19 of 1st period - Penalty Shot by Anton Lindholm for Senateurs - Stopped by Joonas Korpisalo
Tyler Weiman enters game at 10:37 of 2nd period
Michael Latta is injured at 3:25 of 3rd period (Back Spasms)

Finance

Level 1 -- Attendance: 6000 (100.00%) -- Ticket Income $600,000
Level 2 -- Attendance: 4850 (97.00%) -- Ticket Income $339,500
Level 3 -- Attendance: 1954 (97.70%) -- Ticket Income $78,160
Level 4 -- Attendance: 3762 (94.05%) -- Ticket Income $112,860
Luxury Box -- Attendance: 1000 (100.00%) -- Ticket Income $200,000
Game was played at the Nassau Coliseum.
Total Attendance: 17566 (97.59%)
Total Ticket Income: $1,330,520
Other Income: $199,578
Total Income: $1,530,098

Senateurs

5 vs 5 Forward 
   Center                   Left Wing                Right Wing               Time % Phy DF OF 
 1 Nick Bjugstad            Alex Iafallo             Michael Frolik           40     1   2  2  
 2 Vincent Trocheck         Jordan Martinook         Riley Sheahan            25     1   2  2  
 3 Quinton Howden           Tim Schaller             Richard Panik            20     1   2  2  
 4 Christoph Bertschy       Zachary Sanford          Anthony Beauvillier      15     1   2  2  

5 vs 5 Defense 
   Defense                  Defense                                           Time % Phy DF OF 
 1 Jake Gardiner            Jared Cowen                                       40     1   2  2  
 2 Eric Gelinas             Brendan Smith                                     25     1   2  2  
 3 Anton Lindholm           Dmitry Sinitsyn                                   20     1   2  2  
 4 Jake Gardiner            Jared Cowen                                       15     1   2  2  

PowerPlay Forward 
   Center                   Left Wing                Right Wing               Time % Phy DF OF 
 1 Nick Bjugstad            Alex Iafallo             Michael Frolik           60     0   1  4  
 2 Vincent Trocheck         Jordan Martinook         Riley Sheahan            40     0   1  4  

PowerPlay Defense
   Defense                  Defense                                           Time % Phy DF OF 
 1 Jake Gardiner            Jared Cowen                                       60     0   1  4  
 2 Eric Gelinas             Brendan Smith                                     40     0   1  4  

Penalty Kill 4 Players Forward 
   Center                   Wing                     Time % Phy DF OF 
 1 Nick Bjugstad            Alex Iafallo             60     0   4  1  
 2 Vincent Trocheck         Jordan Martinook         40     0   4  1  

Penalty Kill 4 Players Defense
   Defense                  Defense                  Time % Phy DF OF 
 1 Jake Gardiner            Jared Cowen              60     0   4  1  
 2 Eric Gelinas             Brendan Smith            40     0   4  1  

Penalty Kill - 3 Players Forward 
   Forward                                           Time % Phy DF OF 
 1 Nick Bjugstad                                     60     0   4  1  
 2 Vincent Trocheck                                  40     0   4  1  

Penalty Kill - 3 Players Defense
   Defense                  Defense                  Time % Phy DF OF 
 1 Jake Gardiner            Jared Cowen              60     0   4  1  
 2 Eric Gelinas             Brendan Smith            40     0   4  1  

4 vs 4 Forward 
   Center                   Wing                     Time % Phy DF OF 
 1 Nick Bjugstad            Alex Iafallo             60     1   2  2  
 2 Vincent Trocheck         Jordan Martinook         40     1   2  2  

4 vs 4 Defense
   Defense                  Defense                  Time % Phy DF OF 
 1 Jake Gardiner            Jared Cowen              60     1   2  2  
 2 Eric Gelinas             Brendan Smith            40     1   2  2  

Last Minutes Offensive
   Center                   Left Wing                Right Wing               Defense                  Defense                  
   Nick Bjugstad            Alex Iafallo             Michael Frolik           Jake Gardiner            Jared Cowen              

Last Minutes Defensive
   Center                   Left Wing                Right Wing               Defense                  Defense                  
   Nick Bjugstad            Alex Iafallo             Michael Frolik           Jake Gardiner            Jared Cowen              

Goaltenders
Starting : Mikko Koskinen           
Backup : Martin Jones             

Extra Forwards
Normal : Vincent Trocheck, Richard Panik, Jordan Martinook - PP : Vincent Trocheck, Richard Panik - PK : Vincent Trocheck
Extra Defensemen
Normal : Brendan Smith, Anton Lindholm, Dmitry Sinitsyn - PP : Brendan Smith - PK : Brendan Smith, Anton Lindholm
Penalty Shots
Nick Bjugstad, Michael Frolik, Riley Sheahan, Alex Iafallo, Vincent Trocheck
Custom OT Lines Forwards
Nick Bjugstad, Michael Frolik, Riley Sheahan, Alex Iafallo, Vincent Trocheck, Richard Panik, Jordan Martinook, Quinton Howden, Zachary Sanford, Tim Schaller
Custom OT Lines Defensemen
Jake Gardiner, Jared Cowen, Eric Gelinas, Brendan Smith, Anton Lindholm

Scratches
Dennis Everberg (Healthy), Jordan Schmaltz (Healthy), Rostislav Olesz (Healthy)

Islanders

5 vs 5 Forward 
   Center                   Left Wing                Right Wing               Time % Phy DF OF 
 1 Brayden Schenn           Brock McGinn             Vladimir Tarasenko       40     1   2  2  
 2 Brandon Sutter           Kellan Lain              Garnet Hathaway          30     1   2  2  
 3 Michael Latta            Emerson Etem             Jason Akeson             20     1   2  2  
 4 Jamie Arniel             Sergei Plotnikov         Brian Ferlin             10     1   2  2  

5 vs 5 Defense 
   Defense                  Defense                                           Time % Phy DF OF 
 1 Ryan Ellis               Nikita Zadorov                                    40     1   2  2  
 2 Yann Sauvé               Dylan McIlrath                                    30     1   2  2  
 3 Brady Skjei              Gabriel Carlsson                                  20     1   2  2  
 4 Ryan Ellis               Nikita Zadorov                                    10     1   2  2  

PowerPlay Forward 
   Center                   Left Wing                Right Wing               Time % Phy DF OF 
 1 Brayden Schenn           Brock McGinn             Vladimir Tarasenko       60     1   2  2  
 2 Brandon Sutter           Kellan Lain              Garnet Hathaway          40     1   2  2  

PowerPlay Defense
   Defense                  Defense                                           Time % Phy DF OF 
 1 Ryan Ellis               Nikita Zadorov                                    60     1   2  2  
 2 Yann Sauvé               Dylan McIlrath                                    40     1   2  2  

Penalty Kill 4 Players Forward 
   Center                   Wing                     Time % Phy DF OF 
 1 Brayden Schenn           Brock McGinn             60     1   2  2  
 2 Brandon Sutter           Kellan Lain              40     1   2  2  

Penalty Kill 4 Players Defense
   Defense                  Defense                  Time % Phy DF OF 
 1 Ryan Ellis               Nikita Zadorov           60     1   2  2  
 2 Yann Sauvé               Dylan McIlrath           40     1   2  2  

Penalty Kill - 3 Players Forward 
   Forward                                           Time % Phy DF OF 
 1 Brayden Schenn                                    60     1   2  2  
 2 Brandon Sutter                                    40     1   2  2  

Penalty Kill - 3 Players Defense
   Defense                  Defense                  Time % Phy DF OF 
 1 Ryan Ellis               Nikita Zadorov           60     1   2  2  
 2 Yann Sauvé               Dylan McIlrath           40     1   2  2  

4 vs 4 Forward 
   Center                   Wing                     Time % Phy DF OF 
 1 Brayden Schenn           Brock McGinn             60     1   2  2  
 2 Brandon Sutter           Kellan Lain              40     1   2  2  

4 vs 4 Defense
   Defense                  Defense                  Time % Phy DF OF 
 1 Ryan Ellis               Nikita Zadorov           60     1   2  2  
 2 Yann Sauvé               Dylan McIlrath           40     1   2  2  

Last Minutes Offensive
   Center                   Left Wing                Right Wing               Defense                  Defense                  
   Brayden Schenn           Brock McGinn             Vladimir Tarasenko       Ryan Ellis               Nikita Zadorov           

Last Minutes Defensive
   Center                   Left Wing                Right Wing               Defense                  Defense                  
   Brayden Schenn           Brock McGinn             Vladimir Tarasenko       Ryan Ellis               Nikita Zadorov           

Goaltenders
Starting : Joonas Korpisalo         
Backup : Tyler Weiman             

Extra Forwards
Normal : Brandon Sutter, Michael Latta, Garnet Hathaway - PP : Brandon Sutter, Michael Latta - PK : Brandon Sutter
Extra Defensemen
Normal : Dylan McIlrath, Brady Skjei, Gabriel Carlsson - PP : Dylan McIlrath - PK : Dylan McIlrath, Brady Skjei
Penalty Shots
Vladimir Tarasenko, Brayden Schenn, Brock McGinn, Kellan Lain, Brandon Sutter
Custom OT Lines Forwards
Vladimir Tarasenko, Brayden Schenn, Brock McGinn, Kellan Lain, Brandon Sutter, Michael Latta, Garnet Hathaway, Jason Akeson, Emerson Etem, Jamie Arniel
Custom OT Lines Defensemen
Ryan Ellis, Nikita Zadorov, Yann Sauvé, Brady Skjei, Dylan McIlrath

Scratches
Jordan Greenway (Healthy)

% Time on Ice - Senateurs

Lines # - Real PCT - Wanted PCT - Time Play
Normal Forward
1 - 33% - 40% - 16:39
2 - 27% - 25% - 13:31
3 - 22% - 20% - 11:10
4 - 18% - 15% - 8:54
Normal Defense
1 - 35% - 40% - 17:38
2 - 32% - 25% - 15:55
3 - 26% - 20% - 12:55
4 - 7% - 15% - 3:46
PP Forward
1 - 68% - 60% - 2:35
2 - 32% - 40% - 1:14
PP Defense
1 - 81% - 60% - 3:06
2 - 19% - 40% - 0:43
PK Forward
1 - 92% - 60% - 5:11
2 - 8% - 40% - 0:27
PK Defense
1 - 74% - 60% - 4:10
2 - 26% - 40% - 1:28
PK3 Forward
1 - 0% - 60%
2 - 0% - 40%
PK3 Defense
1 - 0% - 60%
2 - 0% - 40%
44 Forward
1 - 100% - 60% - 0:19
2 - 0% - 40% - 0:00
44 Defense
1 - 100% - 60% - 0:19
2 - 0% - 40% - 0:00
Last Minute Offensive  - 0:00
Last Minute Defensive  - 0:00
Total
Forward - 60:00
Defense - 60:00

% Time on Ice - Islanders

Lines # - Real PCT - Wanted PCT - Time Play
Normal Forward
1 - 35% - 40% - 17:32
2 - 26% - 30% - 12:52
3 - 25% - 20% - 12:33
4 - 14% - 10% - 7:17
Normal Defense
1 - 39% - 40% - 19:26
2 - 34% - 30% - 16:50
3 - 24% - 20% - 12:14
4 - 3% - 10% - 1:44
PP Forward
1 - 55% - 60% - 3:05
2 - 45% - 40% - 2:33
PP Defense
1 - 58% - 60% - 3:15
2 - 42% - 40% - 2:23
PK Forward
1 - 83% - 60% - 3:09
2 - 17% - 40% - 0:40
PK Defense
1 - 59% - 60% - 2:16
2 - 41% - 40% - 1:33
PK3 Forward
1 - 0% - 60%
2 - 0% - 40%
PK3 Defense
1 - 0% - 60%
2 - 0% - 40%
44 Forward
1 - 100% - 60% - 0:19
2 - 0% - 40% - 0:00
44 Defense
1 - 100% - 60% - 0:19
2 - 0% - 40% - 0:00
Last Minute Offensive  - 0:00
Last Minute Defensive  - 0:00
Total
Forward - 60:00
Defense - 60:00

Play-by-Play

1st period


0:01 of 1st period - Brayden Schenn wins face-off versus Nick Bjugstad in neutral zone.
0:52 of 1st period - Snap shot by Michael Latta.
0:52 of 1st period - Shot Hit the Post.
1:19 of 1st period - Wrist shot by Jamie Arniel.
1:19 of 1st period - Shot Misses the Net.
2:05 of 1st period - Riley Sheahan is hit by Kellan Lain and loses puck.
3:03 of 1st period - Snap shot by Kellan Lain.
3:03 of 1st period - Shot Misses the Net.
3:32 of 1st period - Off-side.
3:33 of 1st period - Brayden Schenn wins face-off versus Nick Bjugstad in neutral zone.
4:00 of 1st period - Michael Latta is hit by Riley Sheahan and loses puck.
4:07 of 1st period - Wrist shot by Jordan Martinook.
4:07 of 1st period - Shot Blocked by Nikita Zadorov.
4:29 of 1st period - Snap shot by Anthony Beauvillier.
4:29 of 1st period - Shot Misses the Net.
4:31 of 1st period - Slapshot by Jared Cowen.
4:31 of 1st period - Shot Blocked by Jamie Arniel.
4:33 of 1st period - Snap shot by Anthony Beauvillier.
4:33 of 1st period - Shot Misses the Net.
4:47 of 1st period - Brayden Schenn is hit by Nick Bjugstad and loses puck.
5:05 of 1st period - Slapshot by Yann Sauvé.
5:05 of 1st period - Deflect By Jordan Martinook.
5:05 of 1st period - Stopped by Mikko Koskinen with a rebound.
5:07 of 1st period - Wrist shot by Michael Latta.
5:07 of 1st period - Stopped by Mikko Koskinen with a rebound.
5:09 of 1st period - Snap shot by Michael Latta.
5:09 of 1st period - Shot Blocked by Eric Gelinas.
5:21 of 1st period - Wrist shot by Vincent Trocheck.
5:21 of 1st period - Stopped by Joonas Korpisalo without a rebound.
5:22 of 1st period - Quinton Howden wins face-off versus Brayden Schenn in Islanders zone.
5:23 of 1st period - Wrist shot by Jake Gardiner.
5:23 of 1st period - Shot Misses the Net.
6:17 of 1st period - Snap shot by Vincent Trocheck.
6:17 of 1st period - Deflect By Riley Sheahan.
6:17 of 1st period - Shot Misses the Net.
6:17 of 1st period - Puck is out of play.
6:18 of 1st period - Brayden Schenn wins face-off versus Christoph Bertschy in Islanders zone.
6:31 of 1st period - Off-side.
6:32 of 1st period - Nick Bjugstad wins face-off versus Brayden Schenn in neutral zone.
6:35 of 1st period - Brayden Schenn is hit by Michael Frolik and loses puck.
6:42 of 1st period - Wrist shot by Vladimir Tarasenko.
6:42 of 1st period - Stopped by Mikko Koskinen with a rebound.
6:44 of 1st period - Snap shot by Brayden Schenn.
6:44 of 1st period - Shot Misses the Net.
6:46 of 1st period - Slapshot by Nikita Zadorov.
6:46 of 1st period - Stopped by Mikko Koskinen without a rebound.
6:47 of 1st period - Michael Latta wins face-off versus Nick Bjugstad in Senateurs zone.
7:58 of 1st period - Snap shot by Quinton Howden.
7:58 of 1st period - Shot Misses the Net.
8:20 of 1st period - Snap shot by Emerson Etem.
8:20 of 1st period - Stopped by Mikko Koskinen with a rebound.
8:45 of 1st period - Slapshot by Vladimir Tarasenko.
8:45 of 1st period - Stopped by Mikko Koskinen with a rebound.
9:05 of 1st period - Backhand shot by Jake Gardiner.
9:05 of 1st period - Stopped by Joonas Korpisalo without a rebound.
9:06 of 1st period - Brandon Sutter wins face-off versus Christoph Bertschy in Islanders zone.
9:13 of 1st period - Slapshot by Kellan Lain.
9:13 of 1st period - Shot Misses the Net.
9:23 of 1st period - Snap shot by Anthony Beauvillier.
9:23 of 1st period - Stopped by Joonas Korpisalo without a rebound.
9:24 of 1st period - Nick Bjugstad wins face-off versus Brock McGinn in Islanders zone.
9:57 of 1st period - Slapshot by Michael Frolik.
9:57 of 1st period - Shot Misses the Net.
10:44 of 1st period - Wrist shot by Quinton Howden.
10:44 of 1st period - Stopped by Joonas Korpisalo without a rebound.
10:45 of 1st period - Quinton Howden wins face-off versus Brayden Schenn in Islanders zone.
11:32 of 1st period - Minor Penalty to Garnet Hathaway for Roughing.
11:33 of 1st period - Nick Bjugstad wins face-off versus Brayden Schenn in Islanders zone.
11:51 of 1st period - Icing by Jared Cowen.
11:52 of 1st period - Nick Bjugstad wins face-off versus Brayden Schenn in Senateurs zone.
12:11 of 1st period - Wrist shot by Michael Frolik.
12:11 of 1st period - Shot Blocked by Ryan Ellis.
12:17 of 1st period - Nick Bjugstad is hit by Brayden Schenn and loses puck.
12:46 of 1st period - Wrist shot by Michael Frolik.
12:46 of 1st period - Stopped by Joonas Korpisalo with a rebound.
12:48 of 1st period - Slapshot by Jared Cowen.
12:48 of 1st period - Deflect By Nick Bjugstad.
12:48 of 1st period - Deflect By Kellan Lain.
12:48 of 1st period - Goal by Nick Bjugstad - Senateurs : 1 - Islanders : 0.
12:49 of 1st period - Brayden Schenn wins face-off versus Christoph Bertschy in neutral zone.
13:04 of 1st period - Snap shot by Christoph Bertschy.
13:04 of 1st period - Shot Misses the Net.
13:06 of 1st period - Slapshot by Dmitry Sinitsyn.
13:06 of 1st period - Shot Blocked by Brock McGinn.
13:47 of 1st period - Slapshot by Ryan Ellis.
13:47 of 1st period - Shot Misses the Net.
13:53 of 1st period - Jared Cowen is hit by Jason Akeson.
13:57 of 1st period - Jake Gardiner is hit by Ryan Ellis and loses puck.
14:16 of 1st period - Snap shot by Vincent Trocheck.
14:16 of 1st period - Goal by Vincent Trocheck - Senateurs : 2 - Islanders : 0.
14:17 of 1st period - Brayden Schenn wins face-off versus Nick Bjugstad in neutral zone.
14:44 of 1st period - Brendan Smith is hit by Kellan Lain and loses puck.
15:03 of 1st period - Slapshot by Yann Sauvé.
15:03 of 1st period - Shot Blocked by Dmitry Sinitsyn.
15:19 of 1st period - Penalty Shot by Anton Lindholm for Senateurs.
15:19 of 1st period - Snap shot by Anton Lindholm.
15:19 of 1st period - Stopped by Joonas Korpisalo.
15:20 of 1st period - Alex Iafallo wins face-off versus Brayden Schenn in Senateurs zone.
15:20 of 1st period - Alex Iafallo is hit by Brayden Schenn.
15:27 of 1st period - Icing by Ryan Ellis.
15:28 of 1st period - Nick Bjugstad wins face-off versus Brayden Schenn in Islanders zone.
16:23 of 1st period - Slapshot by Michael Latta.
16:23 of 1st period - Stopped by Mikko Koskinen without a rebound.
16:24 of 1st period - Nick Bjugstad wins face-off versus Brayden Schenn in Senateurs zone.
16:26 of 1st period - Minor Penalty to Alex Iafallo for Tripping.
16:27 of 1st period - Brayden Schenn wins face-off versus Nick Bjugstad in Senateurs zone.
16:35 of 1st period - Snap shot by Brayden Schenn.
16:35 of 1st period - Stopped by Mikko Koskinen with a rebound.
16:53 of 1st period - Jake Gardiner is hit by Ryan Ellis and loses puck.
17:02 of 1st period - Backhand shot by Kellan Lain.
17:02 of 1st period - Stopped by Mikko Koskinen without a rebound.
17:03 of 1st period - Vladimir Tarasenko wins face-off versus Nick Bjugstad in Senateurs zone.
17:16 of 1st period - Vincent Trocheck is hit by Brock McGinn.
17:36 of 1st period - Snap shot by Garnet Hathaway.
17:36 of 1st period - Stopped by Mikko Koskinen with a rebound.
17:38 of 1st period - Snap shot by Kellan Lain.
17:38 of 1st period - Stopped by Mikko Koskinen without a rebound.
17:39 of 1st period - Brayden Schenn wins face-off versus Vincent Trocheck in Senateurs zone.
18:06 of 1st period - Minor Penalty to Kellan Lain for Hooking.
18:07 of 1st period - Brayden Schenn wins face-off versus Nick Bjugstad in Islanders zone.
18:11 of 1st period - Off-side.
18:12 of 1st period - Nick Bjugstad wins face-off versus Brayden Schenn in neutral zone.
18:25 of 1st period - Slapshot by Nikita Zadorov.
18:25 of 1st period - Shot Blocked by Vincent Trocheck.
18:26 of 1st period - Penalty to Alex Iafallo is over, Alex Iafallo is back on ice.
18:27 of 1st period - Slapshot by Ryan Ellis.
18:27 of 1st period - Deflect By Jared Cowen.
18:27 of 1st period - Stopped by Mikko Koskinen with a rebound.
18:59 of 1st period - Wrist shot by Nick Bjugstad.
18:59 of 1st period - Goal by Nick Bjugstad - Senateurs : 3 - Islanders : 0.
19:00 of 1st period - Brayden Schenn wins face-off versus Nick Bjugstad in neutral zone.
19:33 of 1st period - Off-side.
19:34 of 1st period - Vincent Trocheck wins face-off versus Michael Latta in neutral zone.
Goals for this period are 3 for Senateurs vs 0 for Islanders.
Shots for this period are 8 for Senateurs vs 12 for Islanders.

2nd period


0:01 of 2nd period - Alex Iafallo wins face-off versus Brayden Schenn in neutral zone.
0:49 of 2nd period - Snap shot by Kellan Lain.
0:49 of 2nd period - Shot Blocked by Jake Gardiner.
0:51 of 2nd period - Slapshot by Garnet Hathaway.
0:51 of 2nd period - Stopped by Mikko Koskinen without a rebound.
0:52 of 2nd period - Christoph Bertschy wins face-off versus Brayden Schenn in Senateurs zone.
0:52 of 2nd period - Christoph Bertschy is hit by Brock McGinn.
2:56 of 2nd period - Wrist shot by Zachary Sanford.
2:56 of 2nd period - Stopped by Joonas Korpisalo with a rebound.
3:10 of 2nd period - Snap shot by Brian Ferlin.
3:10 of 2nd period - Stopped by Mikko Koskinen without a rebound.
3:11 of 2nd period - Nick Bjugstad wins face-off versus Michael Latta in Senateurs zone.
3:16 of 2nd period - Slapshot by Eric Gelinas.
3:16 of 2nd period - Stopped by Joonas Korpisalo with a rebound.
3:41 of 2nd period - Wrist shot by Jake Gardiner.
3:41 of 2nd period - Stopped by Joonas Korpisalo without a rebound.
3:42 of 2nd period - Brandon Sutter wins face-off versus Vincent Trocheck in Islanders zone.
4:43 of 2nd period - Wrist shot by Brandon Sutter.
4:43 of 2nd period - Shot Blocked by Jake Gardiner.
4:45 of 2nd period - Snap shot by Brandon Sutter.
4:45 of 2nd period - Stopped by Mikko Koskinen without a rebound.
4:46 of 2nd period - Brayden Schenn wins face-off versus Nick Bjugstad in Senateurs zone.
4:49 of 2nd period - Wrist shot by Brock McGinn.
4:49 of 2nd period - Shot Misses the Net.
5:11 of 2nd period - Riley Sheahan is hit by Jason Akeson and loses puck.
5:37 of 2nd period - Tim Schaller is hit by Brady Skjei and loses puck.
6:30 of 2nd period - Wrist shot by Christoph Bertschy.
6:30 of 2nd period - Deflect By Emerson Etem.
6:30 of 2nd period - Shot Misses the Net.
6:30 of 2nd period - Puck is out of play.
6:31 of 2nd period - Vincent Trocheck wins face-off versus Brandon Sutter in Islanders zone.
6:34 of 2nd period - Wrist shot by Riley Sheahan.
6:34 of 2nd period - Stopped by Joonas Korpisalo with a rebound.
6:36 of 2nd period - Slapshot by Jake Gardiner.
6:36 of 2nd period - Shot Misses the Net.
6:38 of 2nd period - Slapshot by Riley Sheahan.
6:38 of 2nd period - Shot Misses the Net.
6:40 of 2nd period - Slapshot by Jake Gardiner.
6:40 of 2nd period - Stopped by Joonas Korpisalo with a rebound.
6:42 of 2nd period - Slapshot by Jake Gardiner.
6:42 of 2nd period - Shot Misses the Net.
6:44 of 2nd period - Slapshot by Jake Gardiner.
6:44 of 2nd period - Shot Blocked by Yann Sauvé.
6:46 of 2nd period - Slapshot by Jared Cowen.
6:46 of 2nd period - Stopped by Joonas Korpisalo with a rebound.
6:58 of 2nd period - Wrist shot by Nick Bjugstad.
6:58 of 2nd period - Deflect By Michael Frolik.
6:58 of 2nd period - Shot Misses the Net.
6:58 of 2nd period - Puck is out of play.
6:59 of 2nd period - Brayden Schenn wins face-off versus Nick Bjugstad in Islanders zone.
7:24 of 2nd period - Eric Gelinas is hit by Kellan Lain.
7:36 of 2nd period - Wrist shot by Alex Iafallo.
7:36 of 2nd period - Shot Blocked by Nikita Zadorov.
8:04 of 2nd period - Snap shot by Brandon Sutter.
8:04 of 2nd period - Stopped by Mikko Koskinen with a rebound.
8:11 of 2nd period - Off-side.
8:12 of 2nd period - Quinton Howden wins face-off versus Brayden Schenn in neutral zone.
8:23 of 2nd period - Snap shot by Quinton Howden.
8:23 of 2nd period - Stopped by Joonas Korpisalo without a rebound.
8:24 of 2nd period - Brayden Schenn wins face-off versus Vincent Trocheck in Islanders zone.
8:38 of 2nd period - Wrist shot by Jordan Martinook.
8:38 of 2nd period - Stopped by Joonas Korpisalo with a rebound.
9:27 of 2nd period - Brady Skjei is hit by Christoph Bertschy and loses puck.
10:04 of 2nd period - Jordan Martinook is hit by Brandon Sutter and loses puck.
10:19 of 2nd period - Wrist shot by Jordan Martinook.
10:19 of 2nd period - Shot Misses the Net.
10:21 of 2nd period - Snap shot by Vincent Trocheck.
10:21 of 2nd period - Stopped by Joonas Korpisalo with a rebound.
10:23 of 2nd period - Slapshot by Dmitry Sinitsyn.
10:23 of 2nd period - Shot Misses the Net.
10:25 of 2nd period - Snap shot by Vincent Trocheck.
10:25 of 2nd period - Shot Hit the Post.
10:35 of 2nd period - Slapshot by Vincent Trocheck.
10:35 of 2nd period - Stopped by Joonas Korpisalo with a rebound.
10:37 of 2nd period - Slapshot by Jordan Martinook.
10:37 of 2nd period - Goal by Jordan Martinook - Senateurs : 4 - Islanders : 0.
10:37 of 2nd period - Tyler Weiman enters game.
10:38 of 2nd period - Brayden Schenn wins face-off versus Nick Bjugstad in neutral zone.
11:56 of 2nd period - Snap shot by Nick Bjugstad.
11:56 of 2nd period - Stopped by Tyler Weiman with a rebound.
11:58 of 2nd period - Snap shot by Alex Iafallo.
11:58 of 2nd period - Shot Misses the Net.
12:00 of 2nd period - Wrist shot by Michael Frolik.
12:00 of 2nd period - Shot Misses the Net.
12:02 of 2nd period - Backhand shot by Jake Gardiner.
12:02 of 2nd period - Shot Hit the Post.
12:14 of 2nd period - Garnet Hathaway is hit by Jared Cowen and loses puck.
12:23 of 2nd period - Wrist shot by Nick Bjugstad.
12:23 of 2nd period - Stopped by Tyler Weiman without a rebound.
12:24 of 2nd period - Quinton Howden wins face-off versus Brayden Schenn in Islanders zone.
12:57 of 2nd period - Slapshot by Brady Skjei.
12:57 of 2nd period - Shot Misses the Net.
12:59 of 2nd period - Slapshot by Brady Skjei.
12:59 of 2nd period - Shot Blocked by Brendan Smith.
14:44 of 2nd period - Vladimir Tarasenko is hit by Vincent Trocheck and loses puck.
15:15 of 2nd period - Slapshot by Jason Akeson.
15:15 of 2nd period - Shot Misses the Net.
15:18 of 2nd period - Icing by Richard Panik.
15:19 of 2nd period - Jamie Arniel wins face-off versus Quinton Howden in Senateurs zone.
15:26 of 2nd period - Slapshot by Brian Ferlin.
15:26 of 2nd period - Stopped by Mikko Koskinen without a rebound.
15:27 of 2nd period - Brayden Schenn wins face-off versus Nick Bjugstad in Senateurs zone.
15:44 of 2nd period - Snap shot by Brayden Schenn.
15:44 of 2nd period - Goal by Brayden Schenn - Senateurs : 4 - Islanders : 1.
15:45 of 2nd period - Brayden Schenn wins face-off versus Nick Bjugstad in neutral zone.
15:49 of 2nd period - Minor Penalty to Jake Gardiner for Roughing.
15:50 of 2nd period - Brayden Schenn wins face-off versus Nick Bjugstad in Senateurs zone.
16:48 of 2nd period - Wrist shot by Vincent Trocheck.
16:48 of 2nd period - Stopped by Tyler Weiman with a rebound.
17:23 of 2nd period - Icing by Ryan Ellis.
17:24 of 2nd period - Christoph Bertschy wins face-off versus Brayden Schenn in Islanders zone.
17:35 of 2nd period - Slapshot by Nikita Zadorov.
17:35 of 2nd period - Stopped by Mikko Koskinen with a rebound.
17:37 of 2nd period - Snap shot by Ryan Ellis.
17:37 of 2nd period - Stopped by Mikko Koskinen without a rebound.
17:38 of 2nd period - Brandon Sutter wins face-off versus Nick Bjugstad in Senateurs zone.
17:49 of 2nd period - Penalty to Jake Gardiner is over, Jake Gardiner is back on ice.
18:01 of 2nd period - Wrist shot by Sergei Plotnikov.
18:01 of 2nd period - Stopped by Mikko Koskinen with a rebound.
18:09 of 2nd period - Wrist shot by Sergei Plotnikov.
18:09 of 2nd period - Stopped by Mikko Koskinen with a rebound.
18:11 of 2nd period - Slapshot by Nikita Zadorov.
18:11 of 2nd period - Shot Blocked by Jake Gardiner.
18:49 of 2nd period - Snap shot by Tim Schaller.
18:49 of 2nd period - Shot Misses the Net.
18:51 of 2nd period - Minor Penalty to Brock McGinn for Holding Stick.
18:52 of 2nd period - Brayden Schenn wins face-off versus Vincent Trocheck in Islanders zone.
19:01 of 2nd period - Riley Sheahan is hit by Brayden Schenn and loses puck.
19:33 of 2nd period - Icing by Jordan Martinook.
19:34 of 2nd period - Brandon Sutter wins face-off versus Richard Panik in Senateurs zone.
Goals for this period are 1 for Senateurs vs 1 for Islanders.
Shots for this period are 14 for Senateurs vs 10 for Islanders.

3rd period


0:01 of 3rd period - Nick Bjugstad wins face-off versus Brayden Schenn in neutral zone.
0:04 of 3rd period - Wrist shot by Michael Frolik.
0:04 of 3rd period - Stopped by Tyler Weiman without a rebound.
0:05 of 3rd period - Brayden Schenn wins face-off versus Nick Bjugstad in Islanders zone.
0:51 of 3rd period - Penalty to Brock McGinn is over, Brock McGinn is back on ice.
2:09 of 3rd period - Ryan Ellis is hit by Quinton Howden and loses puck.
2:42 of 3rd period - Snap shot by Richard Panik.
2:42 of 3rd period - Stopped by Tyler Weiman with a rebound.
3:06 of 3rd period - Eric Gelinas is hit by Emerson Etem and loses puck.
3:25 of 3rd period - Snap shot by Richard Panik.
3:25 of 3rd period - Shot Blocked by Michael Latta.
3:25 of 3rd period - Michael Latta from Islanders is injured at 3:25 of 3rd period (Back Spasms).
3:26 of 3rd period - Brayden Schenn wins face-off versus Nick Bjugstad in Islanders zone.
3:39 of 3rd period - Snap shot by Vladimir Tarasenko.
3:39 of 3rd period - Stopped by Mikko Koskinen with a rebound.
3:41 of 3rd period - Slapshot by Vladimir Tarasenko.
3:41 of 3rd period - Shot Misses the Net.
3:49 of 3rd period - Minor Penalty to Alex Iafallo for Tripping.
3:50 of 3rd period - Nick Bjugstad wins face-off versus Brayden Schenn in Senateurs zone.
4:01 of 3rd period - Jake Gardiner is hit by Vladimir Tarasenko and loses puck.
5:19 of 3rd period - Dylan McIlrath is hit by Jake Gardiner and loses puck.
5:49 of 3rd period - Penalty to Alex Iafallo is over, Alex Iafallo is back on ice.
6:22 of 3rd period - Dmitry Sinitsyn is hit by Sergei Plotnikov and loses puck.
7:05 of 3rd period - Yann Sauvé is hit by Christoph Bertschy.
9:18 of 3rd period - Yann Sauvé is hit by Michael Frolik and loses puck.
9:29 of 3rd period - Brock McGinn is hit by Dmitry Sinitsyn and loses puck.
9:34 of 3rd period - Wrist shot by Riley Sheahan.
9:34 of 3rd period - Shot Misses the Net.
9:48 of 3rd period - Dylan McIlrath is hit by Zachary Sanford and loses puck.
9:55 of 3rd period - Brady Skjei is hit by Zachary Sanford and loses puck.
10:23 of 3rd period - Snap shot by Quinton Howden.
10:23 of 3rd period - Goal by Quinton Howden - Senateurs : 5 - Islanders : 1.
10:24 of 3rd period - Nick Bjugstad wins face-off versus Brayden Schenn in neutral zone.
10:56 of 3rd period - Slapshot by Jake Gardiner.
10:56 of 3rd period - Deflect By Jordan Martinook.
10:56 of 3rd period - Shot Blocked by Brandon Sutter.
10:56 of 3rd period - Puck is out of play.
10:57 of 3rd period - Brandon Sutter wins face-off versus Vincent Trocheck in Islanders zone.
12:19 of 3rd period - Snap shot by Jordan Martinook.
12:19 of 3rd period - Shot Blocked by Yann Sauvé.
12:33 of 3rd period - Wrist shot by Jordan Martinook.
12:33 of 3rd period - Goal by Jordan Martinook - Senateurs : 6 - Islanders : 1.
12:34 of 3rd period - Brayden Schenn wins face-off versus Nick Bjugstad in neutral zone.
13:06 of 3rd period - Slapshot by Ryan Ellis.
13:06 of 3rd period - Shot Blocked by Jake Gardiner.
13:08 of 3rd period - Backhand shot by Jamie Arniel.
13:08 of 3rd period - Deflect By Quinton Howden.
13:08 of 3rd period - Shot Misses the Net.
13:08 of 3rd period - Puck is out of play.
13:09 of 3rd period - Brock McGinn wins face-off versus Quinton Howden in Senateurs zone.
13:20 of 3rd period - Snap shot by Brayden Schenn.
13:20 of 3rd period - Shot Blocked by Quinton Howden.
14:13 of 3rd period - Snap shot by Alex Iafallo.
14:13 of 3rd period - Stopped by Tyler Weiman with a rebound.
14:15 of 3rd period - Slapshot by Jared Cowen.
14:15 of 3rd period - Stopped by Tyler Weiman with a rebound.
14:17 of 3rd period - Slapshot by Jake Gardiner.
14:17 of 3rd period - Stopped by Tyler Weiman without a rebound.
14:18 of 3rd period - Vincent Trocheck wins face-off versus Brayden Schenn in Islanders zone.
14:25 of 3rd period - Snap shot by Brayden Schenn.
14:25 of 3rd period - Stopped by Mikko Koskinen without a rebound.
14:26 of 3rd period - Vincent Trocheck wins face-off versus Brayden Schenn in Senateurs zone.
14:31 of 3rd period - Snap shot by Jordan Martinook.
14:31 of 3rd period - Shot Misses the Net.
14:33 of 3rd period - Slapshot by Riley Sheahan.
14:33 of 3rd period - Shot Misses the Net.
14:35 of 3rd period - Snap shot by Jordan Martinook.
14:35 of 3rd period - Shot Misses the Net.
14:37 of 3rd period - Wrist shot by Jordan Martinook.
14:37 of 3rd period - Stopped by Tyler Weiman with a rebound.
14:39 of 3rd period - Snap shot by Jordan Martinook.
14:39 of 3rd period - Stopped by Tyler Weiman without a rebound.
14:40 of 3rd period - Nick Bjugstad wins face-off versus Brayden Schenn in Islanders zone.
14:41 of 3rd period - Wrist shot by Michael Frolik.
14:41 of 3rd period - Shot Misses the Net.
14:43 of 3rd period - Wrist shot by Alex Iafallo.
14:43 of 3rd period - Shot Blocked by Brayden Schenn.
14:45 of 3rd period - Snap shot by Michael Frolik.
14:45 of 3rd period - Stopped by Tyler Weiman without a rebound.
14:46 of 3rd period - Brayden Schenn wins face-off versus Nick Bjugstad in Islanders zone.
14:51 of 3rd period - Slapshot by Ryan Ellis.
14:51 of 3rd period - Shot Blocked by Jake Gardiner.
15:15 of 3rd period - Wrist shot by Kellan Lain.
15:15 of 3rd period - Stopped by Mikko Koskinen with a rebound.
15:53 of 3rd period - Christoph Bertschy is hit by Jamie Arniel and loses puck.
16:05 of 3rd period - Jared Cowen is hit by Vladimir Tarasenko and loses puck.
16:19 of 3rd period - Slapshot by Vladimir Tarasenko.
16:19 of 3rd period - Goal by Vladimir Tarasenko - Senateurs : 6 - Islanders : 2.
16:20 of 3rd period - Brayden Schenn wins face-off versus Nick Bjugstad in neutral zone.
16:23 of 3rd period - Slapshot by Ryan Ellis.
16:23 of 3rd period - Goal by Ryan Ellis - Senateurs : 6 - Islanders : 3.
16:24 of 3rd period - Nick Bjugstad wins face-off versus Brayden Schenn in neutral zone.
17:14 of 3rd period - Snap shot by Anthony Beauvillier.
17:14 of 3rd period - Stopped by Tyler Weiman without a rebound.
17:15 of 3rd period - Brock McGinn wins face-off versus Christoph Bertschy in Islanders zone.
17:15 of 3rd period - Brock McGinn is hit by Jake Gardiner.
17:27 of 3rd period - Snap shot by Zachary Sanford.
17:27 of 3rd period - Stopped by Tyler Weiman with a rebound.
18:13 of 3rd period - Backhand shot by Brady Skjei.
18:13 of 3rd period - Shot Misses the Net.
18:44 of 3rd period - Slapshot by Vladimir Tarasenko.
18:44 of 3rd period - Shot Misses the Net.
18:46 of 3rd period - Slapshot by Nikita Zadorov.
18:46 of 3rd period - Stopped by Mikko Koskinen with a rebound.
19:00 of 3rd period - Snap shot by Garnet Hathaway.
19:00 of 3rd period - Goal by Garnet Hathaway - Senateurs : 6 - Islanders : 4.
19:01 of 3rd period - Quinton Howden wins face-off versus Brock McGinn in neutral zone.
19:03 of 3rd period - Off-side.
19:04 of 3rd period - Brayden Schenn wins face-off versus Quinton Howden in neutral zone.
19:15 of 3rd period - Snap shot by Tim Schaller.
19:15 of 3rd period - Stopped by Tyler Weiman with a rebound.
19:17 of 3rd period - Snap shot by Quinton Howden.
19:17 of 3rd period - Shot Misses the Net.
19:19 of 3rd period - Wrist shot by Anton Lindholm.
19:19 of 3rd period - Stopped by Tyler Weiman without a rebound.
19:20 of 3rd period - Brayden Schenn wins face-off versus Christoph Bertschy in Islanders zone.
19:31 of 3rd period - Wrist shot by Brock McGinn.
19:31 of 3rd period - Stopped by Mikko Koskinen with a rebound.
19:53 of 3rd period - Eric Gelinas is hit by Nikita Zadorov and loses puck.
Goals for this period are 2 for Senateurs vs 3 for Islanders.
Shots for this period are 14 for Senateurs vs 8 for Islanders.